 Dungeon Crawl Stone Soup version 0.28-a0-382-g33c4956463 (webtiles) character file.

Game seed: 15929712638768018649

18 Ijustatesigmund the Skirmisher (level 2, -2/19 HPs)
             Began as a Gargoyle Fighter on Sept 2, 2021.
             Slain by a scorpion (6 damage)
             ... on level 1 of the Dungeon.
             The game lasted 00:01:56 (1122 turns).

Ijustatesigmund the Skirmisher (Gargoyle Fighter)   Turns: 1122, Time: 00:01:56

Health: -2/19      AC:  9    Str: 19    XL:     2   Next: 70%
Magic:  2/2        EV:  7    Int:  8    God:
Gold:   34         SH:  7    Dex:  9    Spells: 1/1 levels left

rFire   . . .      SeeInvis .   a - +0 flail
rCold   . . .      Faith    .   c - +0 kite shield
rNeg    + . .      Spirit   .   b - +0 scale mail
rPois   ∞          Reflect  .   (no helmet)
rElec   +          Harm     .   (no cloak)
rCorr   .          Rampage  .   (no gloves)
Will    .....                   (no boots)
Stlth   ..........              (no amulet)
HPRegen 0.06/turn               (no ring)
MPRegen 0.08/turn               (no ring)

@: no status effects
A: sickness immunity, AC +2, negative energy resistance 1, electricity
resistance, torment resistance 1, petrification resistance
a: no special abilities


You were on level 1 of the Dungeon.
You visited 1 branch of the dungeon, and saw 2 of its levels.

You collected 88 gold pieces.
You spent 54 gold pieces at shops.

Inventory:

Hand Weapons
 a - a +0 flail (weapon)
Armour
 b - a +0 scale mail (worn)
 c - a +0 kite shield (worn)
Jewellery
 e - a ring of resist corrosion
 j - a ring of magical power
Scrolls
 i - a scroll of immolation {unknown}
 k - a scroll of amnesia {unknown}
Potions
 d - a potion of might
 f - a potion of magic {unknown}
 g - a potion of curing {unknown}
 h - a potion of attraction {unknown}


   Skills:
 + Level 3.6 Fighting
 * Level 2.9 Maces & Flails
 - Level 3.2 Armour
 - Level 3.2 Shields


You had one spell level left.
You didn't know any spells.
Your spell library was empty.

Dungeon Overview and Level Annotations

Branches:
Dungeon (2/15)

Altars:

Shops:
D:1 [


Innate Abilities, Weirdness & Mutations

You are immune to sickness and miasma.
Your stone body is resilient. (AC +2)
You are immune to poison.
You resist negative energy. (rN+)
You are resistant to electric shocks. (rElec)
You are resistant to unholy torment.
You are immune to petrification.


Message History

You barely miss the scorpion.
The scorpion is lightly wounded.
The goblin hits you with a +0 dagger.
The scorpion stings you but does no damage.
The goblin barely misses you. You block the goblin's attack.
You hit the scorpion.
The scorpion is heavily wounded.
You block the scorpion's attack. The goblin hits you but does no damage.
The scorpion stings you. The goblin hits you but does no damage.
You hit the scorpion but do no damage.
The scorpion is heavily wounded.
The scorpion stings you.
The goblin hits you but does no damage. x2
The scorpion stings you but does no damage.
You block the goblin's attack.
You are too injured to fight recklessly!
You are too injured to fight recklessly!
You are too injured to fight recklessly!
You are too injured to fight recklessly!
You are too injured to fight recklessly!
You are too injured to fight recklessly!
You are too injured to fight recklessly!
You are too injured to fight recklessly!
You are too injured to fight recklessly!
You are too injured to fight recklessly!
You are too injured to fight recklessly!
You are too injured to fight recklessly!
You are too injured to fight recklessly!
You are too injured to fight recklessly!
You are too injured to fight recklessly!
The goblin hits you with a +0 dagger. You block the scorpion's attack.
The scorpion stings you.
There is a stone staircase leading up here.
You block the scorpion's attack. The goblin hits you with a +0 dagger.
* * * LOW HITPOINT WARNING * * *
You climb upwards.
There is a stone staircase leading down here.
The goblin hits you but does no damage. The goblin closely misses you.
The scorpion stings you.
You die...

....#...≈≈≈≈._.≈≈≈≈≈####
....#..≈.≈≈≈♣..≈≈≈≈....#
....#...≈≈≈≈≈≈≈≈≈≈≈..#.#
....###≈≈≈≈≈≈≈≈≈≈≈.....#
....###≈≈≈≈≈≈≈≈≈≈≈≈≈...#
#............≈...≈.≈.#.#
#...###...≈...≈≈.....#.#
#.....#.#.#.####.##..###
##...)..........@s>..#
#..###.#.######.g...#
#..##..........######
#..#.....#####.##
#.........###[..#
#...........#'#.#
##.......#.#.+∩+.#
#.....†..#.###'###
#..............#


You could see a scorpion and a goblin.

Vanquished Creatures
  3 endoplasms (D:1)
  A giant cockroach (D:1)
  A goblin (D:1)
  2 hobgoblins (D:1)
  A quokka (D:1)
  2 bats (D:1)
  A frilled lizard (D:2)
  5 kobolds (D:1)
16 creatures vanquished.

Notes
Turn   | Place    | Note
-------+----------+-------------------------------------------
     0 | D:1      | Ijustatesigmund the Gargoyle Fighter began the quest for
                  | the Orb.
     0 | D:1      | Reached XP level 1. HP: 14/14 MP: 1/1
   397 | D:1      | Reached XP level 2. HP: 19/19 MP: 2/2
   725 | D:1      | Found Lorghaalut's Armour Emporium.
   736 | D:1      | Found a faded altar of an unknown god.
  1019 | D:1      | Bought a +0 kite shield for 54 gold pieces
  1096 | D:2      | Noticed a scorpion
  1122 | D:1      | Slain by a scorpion

Illustrated notes

Levels and vault maps discovered:
D:1:      dpeg_arrival_concentric_ovals, layout_basic,
          chequers_ecumenical_altar_island, serial_shops,
          nicolae_shop_behind_doors, minmay_misc_feat_four_crosses
D:2:      layout_basic, serial_shops, shop

Action                   || total
-------------------------++-------
Melee: Flail             ||    61
Armor: Scale mail        ||    34
Dodge: Dodged            ||    32
Block: Buckler           ||    13
       Kite shield       ||     9

Table legend: (Time is in decaauts)
 A = Elapsed time spent in this place.
 B = Non-inter-level travel time spent in this place.
 C = Inter-level travel time spent in this place.
 D = Time resting spent in this place.
 E = Time spent auto-exploring this place.
 F = Levels seen in this place.
 G = Mean time per level.
                   A        B        C        D        E       F      G
               +--------+--------+--------+--------+--------+-----+--------+
         Total |   1147 |   1129 |     18 |    407 |    535 |   2 |  573.5 |
       Dungeon |   1147 |   1129 |     18 |    407 |    535 |   2 |  573.5 |
               +--------+--------+--------+--------+--------+-----+--------+

Top non-repeatable levels by time:
     D:1: 1092 daAuts
     D:2: 55 daAuts
